 Dungeon Crawl Stone Soup version 0.29-a0-284-gf9362112df (webtiles) character file.

Game seed: 17858735221968434073

3244 spaghetti the Covert (level 9, -12/51 HPs)
             Began as a Demonspawn Earth Elementalist on Mar 20, 2022.
             Was a Priest of Hepliaklqana.
             Mangled by an efreet
             ... wielding a +2 scimitar of flaming
              (15 damage)
             ... on level 8 of the Dungeon.
             The game lasted 00:27:14 (10454 turns).

spaghetti the Covert (DsEE)                        Turns: 10454, Time: 00:27:15

Health: -12/51     AC: 11    Str:  8    XL:     9   Next: 67%
Magic:  12/19      EV: 12    Int: 26    God:    Hepliaklqana [***...]
Gold:   222        SH:  0    Dex: 13    Spells: 13/22 levels left

rFire   . . .      SeeInvis .   H - +2 falchion (elec) {long}
rCold   . . .      Faith    +   (no shield)
rNeg    . . .      Spirit   .   F - +0 steam dragon scales
rPois   .          Reflect  .   q - +2 helmet
rElec   .          Harm     .   (no cloak)
rCorr   .          Rampage  .   (no gloves)
Will    .....                   t - +0 pair of boots {Stlth+}
Stlth   ++++++....              s - amulet of faith {!P}
HPRegen 0.17/turn               (no ring)
MPRegen 0.16/turn               (no ring)

@: hasted, studying Stealth, very quick
A: reduced essence, hooves 1, icy blue scales 1, demonic guardian 1, icemail 2,
condensation shield, fangs 1, clever 2
a: Renounce Religion, Recall Ancestor, Ancestor Identity, Transference


You were on level 8 of the Dungeon.
You worshipped Hepliaklqana.
Hepliaklqana was most pleased with you.
You visited 1 branch of the dungeon, and saw 8 of its levels.
You also visited: Sewer.

You collected 397 gold pieces.
You spent 175 gold pieces at shops.


Innate Abilities, Weirdness & Mutations

Your life essence is reduced to manifest your ancestor. (-10% HP)
You have large cloven feet.
You are partially covered in icy blue scales. (AC +2)
A weak demonic guardian rushes to your aid.
A meltable icy envelope protects you from harm. (AC +0)
A meltable shield of frost defends you. (SH +0)
You have very sharp teeth.
Your mind is very acute. (Int +4)


   Skills:
 - Level 1.7 Dodging
 + Level 12.9 Stealth
 - Level 7.0 Spellcasting
 - Level 3.0 Hexes
 - Level 2.0 Summonings
 - Level 0.8 Transmutations
 - Level 4.0 Ice Magic
 - Level 2.6 Earth Magic


You had 13 spell levels left.
You knew the following spells:

 Your Spells              Type           Power      Damage    Failure   Level
a - Sandblast             Erth           46%        2d11      1%          1
b - Passwall              Tmut/Erth      15%        N/A       4%          2
c - Ensorcelled Hibernat  Hex/Ice        54%        N/A       2%          2
d - Summon Ice Beast      Ice/Summ       24%        N/A       19%         4

Your spell library contained the following spells:

 Spells                   Type           Power      Damage    Failure   Level
 Frozen Ramparts          Ice            58%        1d7       3%          3
 Sting                    Tmut/Pois      44%        1d5       5%          1
 Summon Guardian Golem    Hex/Summ       22%        N/A       7%          3
 Poisonous Vapours        Pois/Air       18%        N/A       10%         2
 Sublimation of Blood     Necr           9%         N/A       10%         2
 Stone Arrow              Conj/Erth      32%        3d9       11%         3
 Spider Form              Tmut/Pois      11%        N/A       16%         3
 Ice Form                 Ice/Tmut       21%        N/A       22%         4
 Petrify                  Tmut/Erth      18%        N/A       30%         4
 Anguish                  Hex/Necr       8%         N/A       32%         4
 Olgreb's Toxic Radiance  Pois           9%         N/A       52%         4
 Irradiate                Conj/Tmut      5%         3d15      82%         5
 Orb of Destruction       Conj           4%         9d5       100%        7
 Spellforged Servitor     Conj/Summ      7%         N/A       100%        7

Inventory:

Hand Weapons
 e - a +0 hand axe {axe}
   (You found it on level 1 of the Dungeon)
 k - a +0 trident of venom {polearm}
   (You took it off an orc on level 4 of the Dungeon)
 n - a +0 vorpal dagger {short}
   (You took it off a goblin on level 1 of the Dungeon)
 z - a +2 war axe of electrocution {axe}
   (You found it on level 5 of the Dungeon)
 A - a +0 rapier {short}
   (You found it on level 5 of the Dungeon)
 H - a +2 falchion of electrocution (weapon) {long}
   (You took it off an orc on level 7 of the Dungeon)
Missiles
 a - 214 stones {throwing}
 f - 17 poisoned darts {throwing}
 g - 4 javelins {throwing}
 v - a boomerang {throwing}
Armour
 q - a +2 helmet (worn)
   (You found it on level 2 of the Dungeon)
 t - a +0 pair of boots of stealth (worn)
   (You bought it in a shop on level 5 of the Dungeon)
 F - +0 steam dragon scales (worn)
   (You found it on level 6 of the Dungeon)
Jewellery
 s - an amulet of faith (around neck) {!P}
   (You found it on level 5 of the Dungeon)
 D - a ring of fire
   (You found it on level 6 of the Dungeon)
 G - an amulet of guardian spirit
   (You found it on level 6 of the Dungeon)
Wands
 d - a wand of digging (6)
   (You found it on level 6 of the Dungeon)
 i - a wand of flame (6)
   (You found it on level 7 of the Dungeon)
 j - a wand of iceblast (17)
   (You found it on level 3 of the Dungeon)
 B - a wand of paralysis (4)
   (You found it on level 6 of the Dungeon)
Scrolls
 l - a scroll of torment {!r}
 m - 2 scrolls of magic mapping {!r}
 w - a scroll of teleportation {@r4}
 y - 2 scrolls of silence {!r}
 E - a scroll of vulnerability {!r!r}
Potions
 c - 2 potions of magic
 h - 5 potions of mutation {!q}
 o - 3 potions of curing {@q1}
 p - 4 potions of haste {@q3}
 r - 2 potions of might
 x - a potion of heal wounds {unknown}
 C - 3 potions of flight

Dungeon Overview and Level Annotations

Branches:
Dungeon (8/15)             Temple (0/1) D:6           Sewer (visited)
   Lair: D:8-11

Altars:
Hepliaklqana
Kikubaaqudgha
Nemelex Xobeh
Vehumet
Xom
Yredelemnul

Shops:
D:5 [   D:8 *

Annotations:
D:4 Grinder
D:7 1 runed translucent door

...........[......# .<.#..#
............###...####.......
.........................○○..
............#...........○..##
............#................
.#..........##........)......
............8...8...)........
...............R...[........
...........>.∩)@R...###.....
..................#..# .....
.........#.8..58..#..# ....
.........##.#.......... ...
.........#.#.....##.... .#.
...... #....#.#........ ...
#...#####....... #.###
....... #. .#


You could see the friendly Nindada the hexer, an efreet (ally target) and a
friendly iron imp (summoned).


Message History

You take 3 damage, and now have 27/51 hp.
You hit the bullfrog.
You kill the bullfrog!
You start resting.
Your shadow imp disappears in a puff of smoke!
Your icy envelope is restored. 😮 HP[+5] MP[+5]
You regained 5 hp, and now have 32/51 hp.
Your mp is fully restored (19).
You start resting.
Nindada emerges from the mists of memory! 😮 HP[+1]
You start resting. 😎 HP[+18]
Your hp is fully restored (51).
You climb downwards.
The orc hits you but does no damage. You block the orc's attack.
There is a stone staircase leading up here.
Unknown command.
Casting: Ensorcelled Hibernation (safe; 2% risk of failure)
Confirm with . or Enter, or press ? or * to list all spells.
Aiming: Ensorcelled Hibernation (safe; 2% risk of failure)
Press: ? - help, Shift-Dir - straight line, f - orc
Aim: an orc, wielding a +0 dagger (ally target, chance to affect: 74%)
The orc struggles to resist.
The orc closely misses you.
Nindada gestures at the orc while chanting.
The orc appears confused. 😎 MP[-2]
You lost 2 mp, and now have 17/19 mp.
You barely miss the orc. You slash the efreet!
You bite the efreet, but do no damage. The efreet gestures at you.
The bolt of fire misses you.
The bolt of fire hits Nindada!
Nindada resists.
Nindada hits the orc with a +0 dagger of draining.
Casting: Ensorcelled Hibernation (safe; 2% risk of failure)
Confirm with . or Enter, or press ? or * to list all spells.
Aiming: Ensorcelled Hibernation (safe; 2% risk of failure)
Press: ? - help, Shift-Dir - straight line, f - efreet, p - orc
Aim: an efreet, wielding a +2 scimitar of flaming (moderately wounded, ally target, chance to affect: 58%)
The efreet resists with significant effort.
The efreet barely misses you. 😎 MP[-2]
You lost 2 mp, and now have 15/19 mp.
Casting: Ensorcelled Hibernation (safe; 2% risk of failure)
Confirm with . or Enter, or press ? or * to list all spells.
Aiming: Ensorcelled Hibernation (safe; 2% risk of failure)
Press: ? - help, Shift-Dir - straight line, f/p - efreet
Aim: an efreet, wielding a +2 scimitar of flaming (moderately wounded, ally target, chance to affect: 58%)
The efreet resists with significant effort.
The efreet hits you with a +2 scimitar of flaming.
Your icy defenses dissipate!
The efreet burns you.
The orc hits Nindada with a +0 dagger. 😕 HP[-8] MP[-2]
You take 8 damage, and now have 43/51 hp.
You lost 2 mp, and now have 13/19 mp.
Casting: Ensorcelled Hibernation (safe; 2% risk of failure)
Confirm with . or Enter, or press ? or * to list all spells.
Aiming: Ensorcelled Hibernation (safe; 2% risk of failure)
Press: ? - help, Shift-Dir - straight line, f/p - efreet
Aim: an efreet, wielding a +2 scimitar of flaming (moderately wounded, ally target, chance to affect: 58%)
The efreet resists with significant effort.
The efreet barely misses you.
Nindada barely misses the efreet. 😕 MP[-1]
You lost 1 mp, and now have 12/19 mp.
You hit the orc.
The efreet hits you with a +2 scimitar of flaming.
The efreet burns you. The orc hits you but does no damage.
Nindada hits the efreet with a +0 dagger of draining! 😮 HP[-6]
You take 6 damage, and now have 37/51 hp.
You slash the orc!
You kill the orc!
The efreet hits you with a +2 scimitar of flaming!
The efreet burns you.
Nindada hits the efreet but does no damage.
The efreet gestures at you.
The fireball explodes!
The fireball engulfs you!
* * * LOW HITPOINT WARNING * * *
The fireball engulfs the efreet.
The efreet completely resists.
The fireball engulfs Nindada!
Nindada resists.
Nindada completely misses the efreet.
You hear a croak. 😨 HP[-21]
You take 21 damage, and now have 16/51 hp.
MASSIVE DAMAGE!! (PAUSE)
You hit the efreet but do no damage. Lightning courses through the efreet!
The efreet hits you with a +2 scimitar of flaming!
* * * LOW HITPOINT WARNING * * *
A demonic guardian appears!
The efreet burns you.
* * * LOW HITPOINT WARNING * * *
Nindada hits the efreet with a +0 dagger of draining! 😱 HP[-13]
You take 13 damage, and now have 3/51 hp.
MASSIVE DAMAGE!! (PAUSE)
Okay, then.
It was a potion of haste.
You feel yourself speed up.
The efreet hits you with a +2 scimitar of flaming!
You die...

Skill      XL: |  1  2  3  4  5  6  7  8  9 |
---------------+----------------------------+-----
Stealth        | 2 3 4 5 8 12 | 12.9
Spellcasting   | 3 4 6 7 |  7.0
Hexes          | 1 2 3 |  3.0
Ice Magic      | 1 2 3 4 |  4.0
Summonings     | 2 |  2.0
Dodging        | |  1.7
Transmutations | |  0.8
Earth Magic    | |  2.6

Action                   |  1- 3 |  4- 6 |  7- 9 || total
-------------------------+-------+-------+-------++-------
Melee: Hand axe          |    11 |       |       ||    11
       Dagger            |   134 |    80 |    47 ||   261
       Punch             |     2 |     3 |     3 ||     8
       Trident           |       |    10 |    10 ||    20
       War axe           |       |       |   137 ||   137
       Bite              |       |       |    21 ||    21
       Falchion          |       |       |    29 ||    29
 Cast: Sandblast         |    35 |    14 |     9 ||    58
       Ensorcelled Hiber |     8 |    11 |    56 ||    75
       Passwall          |     2 |     7 |    15 ||    24
Invok: Recall Ancestor   |     2 |     3 |     1 ||     6
       Ancestor Identity |     1 |       |       ||     1
       Ancestor Life: He |       |     1 |       ||     1
Evoke: Wand              |       |     2 |       ||     2
  Use: Potion            |     1 |       |     5 ||     6
       Scroll            |     6 |       |     7 ||    13
 Stab: Sleeping          |     3 |     8 |    28 ||    39
       Distracted        |     1 |     4 |       ||     5
       Confused          |       |       |     1 ||     1
Armor: Robe              |    43 |    30 |    84 ||   157
       Steam dragon scal |       |       |    47 ||    47
Dodge: Dodged            |    90 |    57 |   187 ||   334
Block: Other             |    26 |    22 |    54 ||   102

Levels and vault maps discovered:
D:1:      minmay_arrival_wavy_path, layout_loops_ring
D:2:      layout_rooms, shapermc_ecumenical_altar_ellora,
          nicolae_figureground_sparkle
D:3:      layout_rooms, kiku_gazebo_garden_becter
D:4:      layout_basic, uniq_grinder
D:5:      layout_loops_ring, minitemple, serial_shops,
          nicolae_shop_advertising_works [nicolae_subvault_shop_adworks],
          minivault_5, minmay_manual_mares
D:6:      kennysheep_steamy, layout_basic, minmay_temple_entry_overgrown,
          lightli_sewer_entry_pipes, st_stairs_1
D:7:      layout_basic, dk_yredelemnul_ordeal, fiery_altar_vehumet
D:8:      layout_cave_pools, lemuel_round_altar, david_lair_generic,
          serial_shops, nicolae_stop_n_shop_2, shop, shop

Notes
Turn   | Place    | Note
-------+----------+-------------------------------------------
     0 | D:1      | spaghetti the Demonspawn Earth Elementalist began the quest
                  | for the Orb.
     0 | D:1      | Reached XP level 1. HP: 13/13 MP: 3/3
     0 | D:1      | magus.rc [v1.9.6]
    80 | D:1      | Reached skill level 2 in Stealth
   525 | D:1      | You pick up a book of Dreams and begin reading...
   525 | D:1      | You add the spells Ensorcelled Hibernation, Spider Form and
                  | Anguish to your library.
   576 | D:1      | Gained mutation: A meltable shield of frost defends you.
                  | (SH +0) [demonic ancestry]
   576 | D:1      | Reached XP level 2. HP: 14/19 MP: 5/5
  1196 | D:1      | Learned a level 2 spell: Passwall
  1199 | D:1      | Learned a level 2 spell: Ensorcelled Hibernation
  1287 | D:2      | HP: 4/19 [kobold/+0 short sword (5)]
  1931 | D:2      | Reached XP level 3. HP: 19/24 MP: 1/6
  2010 | D:2      | Reached skill level 3 in Stealth
  2402 | D:2      | Found a faded altar of an unknown god.
  2449 | D:2      | Prayed at the altar of an unknown god.
  2449 | D:2      | Became a worshipper of Hepliaklqana the Forgotten
  2449 | D:2      | Reached * piety under Hepliaklqana
  2905 | D:3      | Found an ancient bone altar of Kikubaaqudgha.
  2996 | D:3      | Noticed a phantom
  3000 | D:3      | You pick up a book of Geomancy and begin reading...
  3119 | D:3      | Killed a phantom
  3120 | D:3      | Reached skill level 3 in Spellcasting
  3120 | D:3      | Reached skill level 1 in Hexes
  3120 | D:3      | Reached skill level 1 in Ice Magic
  3120 | D:3      | Gained mutation: You are partially covered in icy blue
                  | scales. (AC +2) [demonic ancestry]
  3120 | D:3      | Reached XP level 4. HP: 14/27 MP: 0/8
  3120 | D:3      | Gained mutation: A weak demonic guardian rushes to your
                  | aid. [demonic ancestry]
  3120 | D:3      | Reached XP level 5. HP: 17/31 MP: 0/9
  3288 | D:3      | Noticed a centaur
  3297 | D:3      | Killed a centaur
  3787 | D:4      | Noticed an orc warrior
  3897 | D:3      | Reached skill level 4 in Spellcasting
  3897 | D:3      | Reached skill level 2 in Hexes
  3897 | D:3      | Gained mutation: A meltable icy envelope protects you from
                  | harm. (AC +0) [demonic ancestry]
  3897 | D:3      | Reached XP level 6. HP: 16/36 MP: 9/12
  4080 | D:3      | HP: 6/36 [orc warrior/+0 halberd (9)]
  4081 | D:3      | HP: 1/36 [orc warrior/+0 halberd (5)]
  4082 | D:3      | Killed an orc warrior
  4083 | D:3      | Reached skill level 2 in Ice Magic
  4588 | D:4      | Reached skill level 4 in Stealth
  4674 | D:4      | Reached ** piety under Hepliaklqana
  4680 | D:4      | Remembered your ancestor Nindada as a hexer
  4755 | D:4      | Noticed Grinder
  4766 | D:5      | Entered Level 5 of the Dungeon
  4875 | D:5      | Reached XP level 7. HP: 23/41 MP: 1/13
  5152 | D:5      | Reached skill level 5 in Spellcasting
  5152 | D:5      | Reached skill level 3 in Hexes
  5276 | D:5      | Found Wucehiw's Armour Shoppe.
  5282 | D:5      | Bought a +0 pair of boots of stealth for 126 gold pieces
  5282 | D:5      | Bought a +0 helmet for 49 gold pieces
  5426 | D:5      | Reached skill level 3 in Ice Magic
  5600 | D:5      | Reached skill level 5 in Stealth
  5873 | D:5      | Reached skill level 6 in Spellcasting
  5958 | D:5      | Found a sparkling altar of Nemelex Xobeh.
  5961 | D:5      | Found a shimmering altar of Xom.
  6092 | D:5      | Gained mutation: You have large cloven feet. [demonic
                  | ancestry]
  6092 | D:5      | Reached XP level 8. HP: 23/46 MP: 13/17
  6602 | D:5      | Gained mutation: You are frail. (-10% HP) [potion of
                  | mutation]
  6602 | D:5      | Lost mutation: You are frail. (-10% HP) [potion of
                  | mutation]
  6603 | D:5      | Gained mutation: Your mind is acute. (Int +2) [potion of
                  | mutation]
  6603 | D:5      | Gained mutation: Your mind is very acute. (Int +4) [potion
                  | of mutation]
  6603 | D:5      | Gained mutation: You have very sharp teeth. [potion of
                  | mutation]
  6737 | D:6      | You pick up a book of Rime and begin reading...
  6737 | D:6      | You add the spells Frozen Ramparts, Ice Form and Summon Ice
                  | Beast to your library.
  6746 | D:6      | Learned a level 4 spell: Summon Ice Beast
  6886 | D:6      | Found a glowing drain.
  6903 | Sewer    | Entered a sewer
  7153 | D:6      | Reached skill level 1 in Summonings
  7345 | D:6      | Reached skill level 6 in Stealth
  7345 | D:6      | Reached skill level 7 in Spellcasting
  7394 | D:6      | Reached skill level 2 in Summonings
  7489 | D:6      | Reached *** piety under Hepliaklqana
  7750 | D:6      | HP: 7/46 [gnoll/+2 flail of protection (5)]
  7758 | D:6      | Reached skill level 7 in Stealth
  7758 | D:6      | Reached skill level 4 in Ice Magic
  8101 | D:6      | Reached skill level 8 in Stealth
  8260 | D:6      | Gained mutation: A meltable icy envelope protects you from
                  | harm. (AC +0) [demonic ancestry]
  8260 | D:6      | Reached XP level 9. HP: 17/51 MP: 19/19
  8278 | D:6      | Reached skill level 9 in Stealth
  8712 | D:6      | Found a staircase to the Ecumenical Temple.
  8761 | D:6      | Noticed a troll
  8772 | D:6      | Killed a troll
  8773 | D:6      | Reached skill level 10 in Stealth
  9194 | D:7      | Found a radiant altar of Vehumet.
  9210 | D:7      | Reached skill level 11 in Stealth
  9453 | D:7      | Found a runed translucent door.
  9459 | D:7      | Found a basalt altar of Yredelemnul.
  9887 | D:7      | Reached skill level 12 in Stealth
  9914 | D:7      | You pick up a book of Alchemy and begin reading...
  9914 | D:7      | You add the spells Sublimation of Blood and Irradiate to
                  | your library.
  9916 | D:7      | You add the spells Sting, Poisonous Vapours and Olgreb's
                  | Toxic Radiance to your library.
  9924 | D:7      | You pick up a book of Dangerous Friends and begin
                  | reading...
  9924 | D:7      | You add the spells Summon Guardian Golem, Orb of
                  | Destruction and Spellforged Servitor to your library.
 10186 | D:8      | Found Efat Bieme's General Store.
 10287 | D:8      | Noticed an efreet
 10453 | D:8      | HP: 5/51 [efreet/+2 scimitar of flaming (11)]
 10454 | D:8      | Mangled by an efreet

Vanquished Creatures
  A troll (D:6)
  2 steam dragons (D:6)
  A water moccasin (D:5)
  A black bear (D:6)
  2 orc warriors
  2 phantoms
  5 centaurs
  2 bullfrogs
  2 scorpions
  2 killer bees (D:5)
  4 orc priests
  3 jellies
  A hound (D:6)
  An iguana (D:5)
  An orc wizard (D:5)
  A gnoll (D:6)
  6 adders
  2 river rats (Sewer)
  4 worms
  A dart slug (D:5)
  22 orcs
  5 endoplasms
  2 giant cockroaches
  9 goblins
  6 hobgoblins
  A jackal (Sewer)
  A quokka (D:5)
  A ball python (D:2)
  5 bats
  A frilled lizard (D:1)
  8 kobolds
  A kobold skeleton (D:7)
  7 rats
113 creatures vanquished.

Vanquished Creatures (collateral kills)
  A steam dragon (D:6)
  An orc warrior (D:7)
  A sky beast (D:5)
  A centaur (D:5)
  A phantom (D:6)
  A kobold brigand (Sewer)
  A scorpion (D:5)
  A killer bee (D:5)
  2 jellies
  2 orc priests
  2 iguanas
  5 orc wizards
  3 gnolls (D:6)
  4 adders
  A river rat (D:6)
  2 shadow imps
  2 worms
  A dart slug (D:3)
  8 orcs
  A ball python (D:3)
  A bat (D:3)
  2 endoplasms
  A goblin (D:4)
  A hobgoblin (D:2)
  A jackal (Sewer)
  A kobold (Sewer)
  A goblin skeleton (D:7)
  A rat (Sewer)
50 creatures vanquished.

Vanquished Creatures (others)
  3 hexers
  An orc (D:7)
  4 ancestors
  17 fungi (D:6)
25 creatures vanquished.

Grand Total: 188 creatures vanquished

Table legend:
 A = Non-vault XP
 B = Vault XP
 C = Vault XP percentage of total XP
 D = Non-vault monster count
 E = Vault monster count
 F = Vault count percentage of total count
                 A         B        C        D         E       F
            +---------+---------+-------+---------+---------+-------
      Total |    3374 |    1261 |  27.2 |     135 |      28 |  17.2
            +---------+---------+-------+---------+---------+-------
        D:1 |      17 |       0 |   0.0 |      12 |       0 |   0.0
        D:2 |      61 |       0 |   0.0 |      24 |       0 |   0.0
        D:3 |     455 |       0 |   0.0 |      18 |       0 |   0.0
        D:4 |     110 |       0 |   0.0 |       9 |       0 |   0.0
        D:5 |     938 |     218 |  18.9 |      27 |       2 |   6.9
        D:6 |     822 |     905 |  52.4 |      21 |      12 |  36.4
        D:7 |     793 |       2 |   0.3 |      18 |       2 |  10.0
        D:8 |     178 |       0 |   0.0 |       6 |       0 |   0.0
      Sewer |       0 |     136 | 100.0 |       0 |      12 | 100.0
            +---------+---------+-------+---------+---------+-------

Illustrated notes

Table legend:
 A = Kills in this place as a percentage of kills in entire the game.
 B = Kills by you in this place as a percentage of kills by you in the entire game.
 C = Kills by friends in this place as a percentage of kills by friends in the entire game.
 D = Other kills in this place as a percentage of other kills in the entire game.
 E = Experience gained in this place as a percentage of experience gained in the entire game.
 F = Experience gained in this place divided by the number of levels of this place that you have seen.
                   A       B       C       D       E      F
               +-------+-------+-------+-------+-------+----------------------
         Total | 100.0 | 100.0 | 100.0 | 100.0 | 100.0 | 515.0
       Dungeon |  92.6 |  93.6 |  92.0 |  66.7 |  97.1 | 562.4
         Sewer |   7.4 |   6.4 |   8.0 |  33.3 |   2.9 | 136.0
               +-------+-------+-------+-------+-------+----------------------

Table legend: (Time is in decaauts)
 A = Elapsed time spent in this place.
 B = Non-inter-level travel time spent in this place.
 C = Inter-level travel time spent in this place.
 D = Time resting spent in this place.
 E = Time spent auto-exploring this place.
 F = Levels seen in this place.
 G = Mean time per level.
                   A        B        C        D        E       F      G
               +--------+--------+--------+--------+--------+-----+--------+
         Total |  10605 |  10328 |    277 |   2813 |   5659 |   9 | 1178.3 |
       Dungeon |  10362 |  10085 |    277 |   2813 |   5481 |   8 | 1295.2 |
         Sewer |    243 |    243 |      0 |      0 |    177 |   1 |  243.0 |
               +--------+--------+--------+--------+--------+-----+--------+

Top non-repeatable levels by time:
     D:6: 2446 daAuts
     D:5: 1824 daAuts
     D:3: 1668 daAuts
     D:1: 1659 daAuts
     D:2: 1199 daAuts
     D:7: 1076 daAuts
     D:4: 360 daAuts
   Sewer: 243 daAuts
     D:8: 126 daAuts
